 Dungeon Crawl Stone Soup version 0.30.0-29-ga12c61a403 (webtiles) character file.

Game seed: 17988780286397532600

103 qw the Chopper (level 4, 0/28 HPs)
             Began as a Gargoyle Fighter on June 3, 2023.
             Slain by a gnoll
             ... wielding a +0 halberd
              (6 damage)
             ... on level 3 of the Dungeon.
             The game lasted 00:00:59 (1583 turns).

qw the Chopper (Gargoyle Fighter)                   Turns: 1583, Time: 00:00:59

Health: 0/28       AC: 15    Str: 21    XL:     4   Next: 79%
Magic:  4/4        EV:  5    Int:  9    God:
Gold:   122        SH:  4    Dex:  9    Spells: 3/3 levels left

rFire   . . .        k - +0 war axe (spect)
rCold   . . .        c - +0 buckler
rNeg    + . .        j - +0 plate armour
rPois   inf          (no helmet)
rElec   +            (no cloak)
rCorr   +            (no gloves)
SInv    .            (no boots)
Will    .....        (no amulet) Stlth
                     h - ring of resist corrosion
HPRegen 0.24/turn    (no ring)
MPRegen 0.09/turn

%: no passive effects
@: no status effects
A: sickness immunity, AC +3, negative energy resistance 1, electricity
resistance, torment resistance 1, petrification resistance
a: no special abilities


You were on level 3 of the Dungeon.
You visited 1 branch of the dungeon, and saw 3 of its levels.

You collected 122 gold pieces.


Innate Abilities, Weirdness & Mutations

You are immune to sickness and miasma.
Your stone body is resilient. (AC +3)
You are immune to poison.
You resist negative energy. (rN+)
You are resistant to electric shocks. (rElec)
You are resistant to unholy torment.
You are immune to petrification.


   Skills:
 - Level 3.2 Fighting
 + Level 4.4 Axes
 - Level 3.2 Armour
 - Level 3.2 Shields


You had 3 spell levels left.
You didn't know any spells.
Your spell library was empty.

Inventory:

Hand Weapons
 e - a +0 flail
 k - a +0 spectral war axe (weapon)
Armour
 c - a +0 buckler (worn)
 j - a +0 plate armour (worn)
Jewellery
 h - a ring of resist corrosion (left hand)
Scrolls
 a - 4 scrolls of identify
 g - a scroll of brand weapon
Potions
 b - a potion of cancellation
 d - a potion of might
 f - 4 potions of curing {unknown}
 i - a potion of lignification

Dungeon Overview and Level Annotations

Branches:
Dungeon (3/15)

Altars:


Message History

The adder hisses angrily.
The gnoll shouts!
A gnoll comes into view. It is wielding a +0 whip.
Enter note:
Enter note:
Enter note:
Enter note:
1572 ||| Stepping ~*~*~tactically~*~*~ (hiding).
You start waiting.
An adder is nearby!
The adder bites you but does no damage.
You miss the adder. The adder bites you but does no damage.
You closely miss the adder. The adder bites you but does no damage.
The gnoll hits you but does no damage. The adder bites you but does no damage.
The gnoll barely misses you.
You miss the adder. The adder bites you but does no damage.
The gnoll hits you from afar with a +0 halberd!
The adder bites you but does no damage.
You slash the adder!
The adder is severely wounded.
The adder bites you but does no damage. You block the gnoll's attack.
You barely miss the adder.
The adder is severely wounded.
The adder bites you but does no damage. The gnoll hits you but does no damage.
The adder bites you but does no damage.
The gnoll hits you from afar with a +0 halberd!
You hit the adder.
You kill the adder!
The gnoll hits you but does no damage. The gnoll hits you with a +0 halberd!
You see here an adder corpse.
You completely miss the gnoll.
Your +0 spectral war axe completely misses the gnoll.
The gnoll hits you but does no damage.
A gnoll comes into view. It is wielding a +0 club.
You hit the gnoll but do no damage.
Your +0 spectral war axe hits the gnoll.
The gnoll hits you with a +0 halberd.
You die...

############
###..##.#.##### ##
...#.#.#..#.#.# .#
....#........## g#
..#...........###.#
................#.#
###############.#g#
#.##.##g# #.....@(#
####.#### #.# #.#
#.# #.# ..# ###


You could see 3 gnolls and a friendly +0 spectral war axe.

Vanquished Creatures
  3 gnolls (D:2)
  3 adders
  An orc (D:3)
  5 bats
  3 endoplasms
  A giant cockroach (D:1)
  3 goblins (D:1)
  7 hobgoblins
  3 jackals (D:2)
  2 quokkas
  7 ball pythons
  4 kobolds
  2 rats
44 creatures vanquished.

Notes
Turn   | Place    | Note
-------+----------+-------------------------------------------
     0 | D:1      | qw the Gargoyle Fighter began the quest for the Orb.
     0 | D:1      | Reached XP level 1. HP: 14/14 MP: 1/1
     0 | D:1      | 0 ||| qw: Version: 0.2-a-103-g5a998e5
     0 | D:1      | 0 ||| qw: Game counter: 1056
     0 | D:1      | 0 ||| qw: Always use a shield: true
     0 | D:1      | 0 ||| qw: God list: Okawaru
     0 | D:1      | 0 ||| qw: Allow faded altars: false
     0 | D:1      | 0 ||| qw: Do Orc after D:15 true
     0 | D:1      | 0 ||| qw: Do second Lair branch before Depths: true
     0 | D:1      | 0 ||| qw: Lair rune preference: random
     0 | D:1      | 0 ||| qw: Plans: Normal, Zot:1-4, Slime:5, God:TSO, Crypt,
                  | Tomb, Pan, Hells, Abyss, Win
     0 | D:1      | 0 ||| PLANNING D:1-11
    32 | D:1      | 32 ||| Stepping ~*~*~tactically~*~*~ (stealth).
    38 | D:1      | Reached skill level 2 in Axes
    71 | D:1      | 71 ||| Stepping ~*~*~tactically~*~*~ (stealth).
   154 | D:1      | Reached XP level 2. HP: 18/19 MP: 2/2
   218 | D:1      | You fall into a shaft and drop 1 floor!
   273 | D:2      | 273 ||| UPGRADING to +0 plate armour.
   283 | D:2      | 283 ||| DROPPING +0 scale mail.
   284 | D:2      | 284 ||| READING scroll labelled UGOQEE KO BATA.
   287 | D:2      | 287 ||| READING scroll labelled JIBEMA XIANOERE.
   288 | D:2      | 288 ||| READING scroll labelled ABBOHI EXIR.
   289 | D:2      | 289 ||| READING scroll labelled HAXTIED XECW.
   290 | D:2      | 290 ||| READING scroll labelled USTESO KIHOAXU.
   328 | D:1      | Reached skill level 3 in Axes
   400 | D:1      | Reached XP level 3. HP: 23/23 MP: 3/3
   411 | D:1      | 411 ||| FLEEEEING.
   412 | D:1      | 412 ||| FLEEEEING.
   438 | D:1      | 438 ||| DROPPING +0 mace.
   585 | D:1      | 585 ||| READING scroll labelled LEGOSE KIHI.
   619 | D:2      | Found a faded altar of an unknown god.
   642 | D:2      | Reached XP level 4. HP: 27/28 MP: 4/4
   839 | D:2      | Reached skill level 4 in Axes
  1129 | D:2      | 1129 ||| Stepping ~*~*~tactically~*~*~ (stealth).
  1131 | D:2      | 1131 ||| Stepping ~*~*~tactically~*~*~ (stealth).
  1353 | D:2      | 1353 ||| UPGRADING to ring of resist corrosion.
  1354 | D:2      | 1354 ||| READING scroll labelled HEIMEPR XU EDGH.
  1355 | D:2      | 1355 ||| READING 5 scrolls of identify.
  1355 | D:2      | 1355 ||| IDENTIFYING amethyst potion
  1356 | D:2      | 1356 ||| READING 4 scrolls of identify.
  1356 | D:2      | 1356 ||| IDENTIFYING fizzy emerald potion
  1357 | D:2      | 1357 ||| READING 3 scrolls of identify.
  1357 | D:2      | 1357 ||| IDENTIFYING murky inky potion
  1358 | D:2      | 1358 ||| DROPPING potion of flight.
  1572 | D:3      | 1572 ||| Stepping ~*~*~tactically~*~*~ (hiding).
  1581 | D:3      | HP: 6/28 [gnoll/+0 halberd (7)]
  1583 | D:3      | Slain by a gnoll

Levels and vault maps discovered:
D:1:      amcnicky_arrival_single_pillar, layout_rooms
D:2:      layout_loops_ring, hellmonk_ecumenical_altar_lost_god,
          hangedman_decor_points, kennysheep_generic_room_13
D:3:      layout_loops_cross, evilmike_ruin_ashenzari, grunt_gozag_statues,
          minmay_misc_feat_rugged, nicolae_elevator_lobby_asterisk

Skill      XL: |  1  2  3  4 |
---------------+-------------+-----
Axes           | 2 3 4 |  4.4
Fighting       | |  3.2
Armour         | |  3.2
Shields        | |  3.2

Action                     |  1- 3 |  4- 6 || total
---------------------------+-------+-------++-------
  Melee: War axe           |    79 |    70 ||   149
    Use: Scroll            |     6 |     4 ||    10
 Armour: Scale mail        |    24 |       ||    24
         Plate armour      |    17 |    51 ||    68
  Dodge: Dodged            |    27 |    26 ||    53
  Block: Buckler           |     9 |    10 ||    19

Table legend:
 A = Non-vault XP
 B = Vault XP
 C = Vault XP percentage of total XP
 D = Non-vault monster count
 E = Vault monster count
 F = Vault count percentage of total count
                 A         B        C        D         E       F
            +---------+---------+-------+---------+---------+-------
      Total |     146 |       2 |   1.4 |      43 |       1 |   2.3
            +---------+---------+-------+---------+---------+-------
        D:1 |      30 |       0 |   0.0 |      17 |       0 |   0.0
        D:2 |      95 |       2 |   2.1 |      20 |       1 |   4.8
        D:3 |      21 |       0 |   0.0 |       6 |       0 |   0.0
            +---------+---------+-------+---------+---------+-------
